 Seeded DCSS version 0.31-a0-1-g4198be8af4 (webtiles) character file.

Game seed: 548224908236487523 (custom seed)

168 Pimp the Poker (level 5, -7/42 HPs)
             Began as a Merfolk Fighter on May 2, 2023.
             Mangled by an ogre
             ... wielding a +0 giant club
              (11 damage)
             ... on level 4 of the Dungeon.
             The game lasted 00:06:27 (2555 turns).

Pimp the Poker (Merfolk Fighter)                    Turns: 2555, Time: 00:06:28

Health: -7/42      AC: 10    Str: 18    XL:     5   Next: 48%
Magic:  5/5        EV:  7    Int:  8    God:
Gold:   193        SH:  5    Dex: 13    Spells: 4/4 levels left

rFire   . . .        a - +0 trident
rCold   . . .        c - +0 buckler
rNeg    . . .        p - +0 chain mail
rPois   .            (no helmet)
rElec   .            g - +0 cloak
rCorr   .            (no gloves)
SInv    .            (no boots)
Will    .....        (no amulet) Stlth
                     (no ring)
HPRegen 0.27/turn    (no ring)
MPRegen 0.09/turn

%: no passive effects
@: no status effects
A: (nimble swimmer 2), mertail
a: no special abilities


You were on level 4 of the Dungeon.
You visited 1 branch of the dungeon, and saw 5 of its levels.

You collected 193 gold pieces.

Inventory:

Hand Weapons
 a - a +0 trident (weapon)
Armour
 b - a +0 scale mail
 c - a +0 buckler (worn)
 g - a +0 cloak (worn)
 p - a +0 chain mail (worn)
Jewellery
 r - a ring of ice
Scrolls
 e - 6 scrolls of identify
 f - a scroll of blinking {unknown}
 q - a scroll of fog {unknown}
 s - a scroll of noise {unknown}
 t - a scroll of enchant armour {unknown}
 u - a scroll of fear {unknown}
Potions
 d - a potion of might
 h - 2 potions of haste {unknown}
 i - a potion of magic {unknown}
 j - a potion of ambrosia {unknown}
 k - a potion of heal wounds {unknown}
 l - a potion of curing {unknown}
 m - a potion of brilliance {unknown}
 n - 2 potions of flight {unknown}
 o - a potion of mutation {unknown}


   Skills:
 + Level 4.3 Fighting
 + Level 4.3 Polearms
 + Level 2.8 Armour
 + Level 4.0 Shields


You had 4 spell levels left.
You didn't know any spells.
Your spell library contained the following spells:

 Spells                   Type           Power      Damage    Failure   Level
 Blink                    Tloc           0%         N/A       100%        2
 Lesser Beckoning         Tloc           0%         N/A       100%        2
 Momentum Strike          Conj/Tloc      0%         3d8       100%        2


Dungeon Overview and Level Annotations

Branches:
Dungeon (5/15)             Temple (0/1) D:5

Altars:

Annotations:
D:5 Pikel


Innate Abilities, Weirdness & Mutations

((You are very nimble when in or above water. (Stealth+, EV+, Speed+++)))
Your lower body shifts to a powerful aquatic tail in water.


Message History

The hobgoblin attacks as you move away! You block the hobgoblin's attack.
The hobgoblin attacks as you move away! The hobgoblin hits you.
Found a bubbling orange potion.
Found a stone staircase leading up.
You hit the hobgoblin but do no damage.
The hobgoblin is moderately wounded.
The hobgoblin hits you.
You hit the hobgoblin but do no damage.
The hobgoblin is moderately wounded.
The hobgoblin barely misses you.
You hit the hobgoblin.
You kill the hobgoblin!
You hit the endoplasm but do no damage.
The endoplasm hits you but does no damage.
You puncture the endoplasm!
You kill the endoplasm!
The ogre barely misses you.
You barely miss the ogre. You completely miss the ogre.
The ogre hits you with a +0 giant club!
You hit the ogre.
The ogre is lightly wounded.
The ogre barely misses you.
You hit the ogre.
The ogre is moderately wounded.
The ogre closely misses you.
You hit the ogre.
The ogre is moderately wounded.
You hit the ogre.
The ogre is heavily wounded.
The ogre hits you with a +0 giant club.
You hit the ogre.
The ogre is heavily wounded.
The ogre hits you with a +0 giant club!!
Ouch! That really hurt!
* * * LOW HITPOINT WARNING * * *
You puncture the ogre!
The ogre is almost dead.
You barely miss the ogre.
The ogre is almost dead.
The ogre hits you with a +0 giant club!
You die...

#. #) ....... #.
#. .<..! #.## ##.
..... #..###..
... . ####.....#
..$ .. #......##.
#.# #. #.........
#.# #. #......###
#@# #.##).....#
#O# #..#......###
#.# ##..O........
#.# #...###..####
###.####....)>.##
#....(##...#####
#.....:....#
#......#####
#.....##


You could see an ogre.

Vanquished Creatures
  A lemure (D:4)
  8 gnolls
  2 adders (D:2)
  3 worms
  A dart slug (D:1)
  4 orcs
  3 bats
  7 endoplasms
  2 giant cockroaches (D:2)
  7 goblins
  6 hobgoblins
  3 jackals (D:1)
  3 kobolds
  4 ball pythons
  2 frilled lizards (D:1)
  4 rats
60 creatures vanquished.

Vanquished Creatures (others)
  3 plants (D:3)
3 creatures vanquished.

Grand Total: 63 creatures vanquished

Notes
Turn   | Place    | Note
-------+----------+-------------------------------------------
     0 | D:1      | Pimp the Merfolk Fighter began the quest for the Orb.
     0 | D:1      | Reached XP level 1. HP: 18/18 MP: 1/1
   351 | D:1      | Reached XP level 2. HP: 24/24 MP: 2/2
   782 | D:2      | Reached XP level 3. HP: 30/30 MP: 3/3
   906 | D:2      | Found a faded altar of an unknown god.
  1264 | D:1      | Reached XP level 4. HP: 29/37 MP: 4/4
  1945 | D:2      | Reached XP level 5. HP: 19/42 MP: 5/5
  2333 | D:3      | You fall into a shaft and drop 2 floors!
  2333 | D:5      | Entered Level 5 of the Dungeon
  2380 | D:5      | Noticed an ogre
  2383 | D:5      | Noticed a lemure
  2383 | D:5      | Noticed a lemure
  2384 | D:5      | Noticed Pikel
  2385 | D:5      | Noticed a lemure
  2385 | D:5      | Noticed a lemure
  2402 | D:4      | Killed a lemure
  2518 | D:4      | Noticed an ogre
  2555 | D:4      | Mangled by an ogre

Illustrated notes

Levels and vault maps discovered:
D:1:      evilmike_arrival_rings, layout_rooms, serial_glass, glass_columns_c,
          glass_columns_a, glass_columns_a, glass_columns_a
D:2:      layout_loops_corners, shapermc_ecumenical_altar_totnotflames
D:3:      corexii_shack_village, layout_loops_ring, amcnicky_altar_gilded,
          st_stairs_13, chequers_serial_rivers_room_a
D:4:      minmay_angry_zag, layout_rooms, serial_shops, kennysheep_mini
D:5:      nicolae_cairo_tiling, layout_basic, nemelex_altar_shiori,
          temple_statues, minmay_misc_feat_tiny, uniq_pikel

Skill      XL: |  1  2  3  4  5 |
---------------+----------------+-----
Polearms       | 3 4 |  4.3
Fighting       | 4 |  4.3
Shields        | 4 |  4.0
Armour         | |  2.8

Action                     |  1- 3 |  4- 6 || total
---------------------------+-------+-------++-------
  Melee: Trident           |    82 |   154 ||   236
    Use: Scroll            |       |     2 ||     2
 Armour: Scale mail        |    51 |     7 ||    58
         Chain mail        |       |    42 ||    42
  Dodge: Dodged            |    48 |    55 ||   103
  Block: Buckler           |    29 |    33 ||    62

Table legend: (Time is in decaauts)
 A = Elapsed time spent in this place.
 B = Non-inter-level travel time spent in this place.
 C = Inter-level travel time spent in this place.
 D = Time resting spent in this place.
 E = Time spent auto-exploring this place.
 F = Levels seen in this place.
 G = Mean time per level.
                   A        B        C        D        E       F      G
               +--------+--------+--------+--------+--------+-----+--------+
         Total |   2592 |   2511 |     81 |    413 |   1407 |   5 |  518.4 |
       Dungeon |   2592 |   2511 |     81 |    413 |   1407 |   5 |  518.4 |
               +--------+--------+--------+--------+--------+-----+--------+

Top non-repeatable levels by time:
     D:2: 1143 daAuts
     D:1: 743 daAuts
     D:3: 479 daAuts
     D:4: 162 daAuts
     D:5: 62 daAuts
